 Dungeon Crawl Stone Soup version 0.27-a0-1277-g3808f8b1c9 (webtiles) character file.

Game seed: 7786758528552005375

5320 Glokmah the Covert (level 10, -6/60 HPs)
             Began as a Kobold Artificer on June 12, 2021.
             Was a Believer of Dithmenos.
             Mangled by a large slime creature (24 damage)
             ... on level 9 of the Dungeon.
             The game lasted 00:25:06 (13766 turns).

Glokmah the Covert (Kobold Artificer)              Turns: 13766, Time: 00:25:06

Health: -6/60      AC:  9    Str: 16    XL:     10   Next: 95%
Magic:  0/19       EV: 17    Int: 28    God:    Dithmenos [**....]
Gold:   191        SH:  7    Dex: 21    Spells: 8/9 levels left

rFire    . . .     SeeInvis +   b - +3 dagger "Goubboxa" {pain, Drain rPois Str+2 Int+4}
rCold    . . .     Faith    .   u - +0 buckler
rNeg     . . .     Spirit   +   n - +0 leather armour
rPois    +         Reflect  .   M - +1 helmet {SInv}
rElec    .         Harm     .   v - +0 cloak
rCorr    .         Rampage  .   y - +2 pair of gloves of Loss {Str+2 Int+5 Dex+5}
Will     .....                  (no boots)
Stlth    ++++++++..             l - amulet of guardian spirit
HPRegen  0.20/turn              j - ring of magical power
MPRegen  0.16/turn              s - +6 ring of intelligence

@: wreathed by umbra
A: small, no large weapons, nightstalker 3
a: Renounce Religion, Shadow Step


You were on level 9 of the Dungeon.
You worshipped Dithmenos.
Dithmenos was pleased with you.
You visited 2 branches of the dungeon, and saw 10 of its levels.

You collected 615 gold pieces.
You spent 424 gold pieces at shops.

Inventory:

Hand Weapons
 a - a +0 rapier
 b - the +3 dagger "Goubboxa" (weapon) {pain, Drain rPois Str+2 Int+4}
   (You found it on level 5 of the Dungeon)

   In the hands of one skilled in necromantic magic, it inflicts extra damage on
   living creatures.
   It affects your strength (+2).
   It affects your intelligence (+4).
   It protects you from poison.
   It drains your maximum health when unequipped.
Missiles
 g - 2 atropa-tipped darts
 p - 11 boomerangs (quivered)
 t - 203 stones
 A - 8 silver boomerangs
 I - 2 curare-tipped darts
 J - 28 poisoned darts
Armour
 n - a +0 leather armour (worn)
 u - a +0 buckler (worn)
 v - a +0 cloak (worn)
 y - the +2 pair of gloves of Loss (worn) {Str+2 Int+5 Dex+5}
   (You acquired it on level 5 of the Dungeon)

   It affects your strength (+2).
   It affects your intelligence (+5).
   It affects your dexterity (+5).
 M - a +1 helmet of see invisible (worn)
 N - the +0 chain mail of Soriac {+Blink Will+ Str+3}
   (You bought it in a shop on level 2 of the Dungeon)

   It affects your strength (+3).
   It lets you blink.
   It increases your willpower.
Jewellery
 j - a ring of magical power (left hand)
 l - an amulet of guardian spirit (around neck)
 s - a +6 ring of intelligence (right hand)
 w - a ring of protection from cold
Wands
 d - a wand of charming (12)
 x - a wand of mindburst (6)
 D - a wand of iceblast (7)
 L - a wand of paralysis (6)
 O - a wand of acid (6)
 P - a wand of digging (4)
 R - a wand of flame (23)
Scrolls
 c - 2 scrolls of enchant weapon
 k - 4 scrolls of noise
 o - 3 scrolls of teleportation
 r - 3 scrolls of magic mapping
 C - a scroll of amnesia
 H - 2 scrolls of immolation
 K - a scroll of fog
 Q - a scroll of torment {unknown}
Potions
 f - 3 potions of lignification
 h - 2 potions of curing
 i - a potion of brilliance
 m - 3 potions of attraction
 q - a potion of flight
 z - a potion of degeneration
 B - 2 potions of cancellation
 E - a potion of ambrosia
 F - a potion of heal wounds {unknown}
 G - a potion of resistance {unknown}
Miscellaneous
 e - a piece from Xom's chessboard (5/15)


   Skills:
 + Level 5.9 Fighting
 * Level 9.5 Short Blades
 - Level 1.0 Throwing
 - Level 0.7 Armour
 + Level 5.2 Dodging
 * Level 11.0 Stealth
 - Level 4.0 Shields
 * Level 6.0 Necromancy
 - Level 6.0 Evocations


You had 8 spell levels left.
You knew the following spells:

 Your Spells              Type           Power      Damage    Failure   Level
a - Apportation           Tloc           0%         N/A       16%         1

Your spell library contained the following spells:

 Spells                   Type           Power      Damage    Failure   Level
 Animate Skeleton         Necr           68%        N/A       1%          1
 Corona                   Hex            0%         N/A       16%         1
 Summon Small Mammal      Summ           0%         N/A       16%         1


Dungeon Overview and Level Annotations

Branches:
Dungeon (9/15)             Temple (1/1) D:5            Lair (0/6) D:9
    Orc: D:9-12

Altars:
Ashenzari
Cheibriados
Dithmenos
Elyvilon
Fedhas
Gozag
Hepliaklqana
Kikubaaqudgha
Makhleb
Nemelex Xobeh
Okawaru
Qazlal
Ru
Sif Muna
Trog
Vehumet
Wu Jian
Xom
Yredelemnul
Zin
The Shining One

Shops:
D:1 ?   D:2 [   D:5 [


Innate Abilities, Weirdness & Mutations

You are small and have problems with some larger weapons.
You are completely attuned to the shadows.


Message History

You block the slime creature's attack. The slime creature misses you.
You hit the centaur zombie.
The centaur zombie is heavily damaged.
You block the centaur zombie's attack. The centaur zombie barely misses you.
You hit the centaur zombie.
The centaur zombie is severely damaged.
You block the slime creature's attack.
The centaur zombie hits you but does no damage.
The centaur zombie barely misses you. The slime creature hits you!
You hit the centaur zombie.
The centaur zombie is severely damaged.
The slime creature closely misses you.
You hit the centaur zombie.
The centaur zombie is severely damaged.
The centaur zombie barely misses you. You block the centaur zombie's attack.
The slime creature hits you!
You hit the centaur zombie.
The centaur zombie is almost destroyed.
The centaur zombie completely misses you.
The centaur zombie kicks you but does no damage.
You block the slime creature's attack.
You hit the centaur zombie.
The centaur zombie is almost destroyed.
The slime creature misses you. The centaur zombie misses you. x2
You hit the centaur zombie.
You destroy the centaur zombie!
Dithmenos accepts your kill.
The slime creature completely misses you.
The slime creature hits you.
* * * LOW HITPOINT WARNING * * *
The slime creature misses you.
There is an open door here.
Two slime creatures merge to form a large slime creature.
You hit the large slime creature.
The large slime creature writhes in agony.
The large slime creature is moderately wounded.
You make a move on Xom's chessboard...
The large slime creature seems to speed up.
The large slime creature hits you!!
You die...

### # ##.####†####. #.##
#.##.####.# #. ##.#
#.........# #. #.#
####'###### #J # #######.#
##...## #) ## #.......#
##.>...## ## .# #.###.#.#
##....)).##
.#######.##....###......)..#
................@J.........+
...#####.##....###.........#
#### #.##..#.# ##.......## .
#.##.##.# ##.....##
#.##.##.# #..


You could see a large slime creature (fast).

Vanquished Creatures
  Maurice (D:8)
  A slime creature (D:9)
  3 wyverns (D:8)
  Eustachio (D:4)
  3 yaks (D:9)
  4 water moccasins
  3 orc warriors
  2 ice beasts (D:7)
  A sky beast (D:6)
  2 ogres (D:5)
  A necrophage (D:8)
  2 phantoms
  3 centaurs
  4 kobold brigands
  3 bullfrogs
  5 scorpions
  A wyvern zombie (D:8)
  2 wyvern skeletons (D:7)
  A howler monkey (D:7)
  A bullfrog zombie (D:6)
  6 centaur zombies
  3 hounds
  2 jellies
  A gnoll shaman (D:6)
  4 orc priests
  3 bullfrog skeletons
  5 iguanas
  7 orc wizards
  A howler monkey zombie (D:8)
  5 gnolls
  A howler monkey skeleton (D:5)
  7 adders
  A shadow imp (D:5)
  A white imp (D:5)
  2 ufetubi (D:4)
  2 worms
  4 dart slugs
  36 orcs
  8 ball pythons
  7 endoplasms
  7 giant cockroaches
  8 goblins
  8 hobgoblins
  7 jackals
  19 kobolds
  3 quokkas
  3 bats
  2 frilled lizards (D:2)
  3 rats
210 creatures vanquished.

Vanquished Creatures (collateral kills)
  A gnoll (D:4)
  2 orcs (D:3)
  A kobold (D:2)
4 creatures vanquished.

Vanquished Creatures (others)
  2 orcs (D:3)
  9 plants (D:2)
11 creatures vanquished.

Grand Total: 225 creatures vanquished

Notes
Turn   | Place    | Note
-------+----------+-------------------------------------------
     0 | D:1      | Glokmah the Kobold Artificer began the quest for the Orb.
     0 | D:1      | Reached XP level 1. HP: 12/12 MP: 1/1
   444 | D:1      | Reached XP level 2. HP: 10/16 MP: 2/2
   811 | D:1      | Reached skill level 2 in Stealth
  1104 | D:1      | Found Ylalia's Magic Scroll Emporium.
  1113 | D:1      | Reached skill level 1 in Short Blades
  1113 | D:1      | Reached XP level 3. HP: 19/20 MP: 3/3
  2174 | D:2      | Reached XP level 4. HP: 26/26 MP: 4/4
  2257 | D:2      | Found Gipposa's Antique Armour Boutique.
  2523 | D:2      | Reached skill level 3 in Stealth
  2699 | D:2      | Found a faded altar of an unknown god.
  3452 | D:3      | Reached XP level 5. HP: 6/30 MP: 5/5
  3652 | D:3      | Reached skill level 1 in Shields
  4044 | D:3      | Reached skill level 4 in Stealth
  4569 | D:3      | Reached XP level 6. HP: 36/36 MP: 6/6
  4911 | D:4      | Reached skill level 1 in Throwing
  5562 | D:4      | Noticed Eustachio
  5589 | D:4      | Killed Eustachio
  5590 | D:4      | Reached skill level 5 in Stealth
  5590 | D:4      | Reached skill level 5 in Evocations
  5590 | D:4      | Reached XP level 7. HP: 33/41 MP: 7/7
  6472 | D:4      | HP: 2/41 [hound (3)]
  6476 | D:4      | Reached skill level 6 in Stealth
  6951 | D:5      | Entered Level 5 of the Dungeon
  6952 | D:5      | Identified a scroll of acquirement
  6952 | D:5      | Acquired the +2 pair of gloves of Loss {Str+2 Int+5 Dex+5}
  7024 | D:4      | Reached XP level 8. HP: 45/46 MP: 8/8
  7474 | D:5      | Identified the +3 dagger "Goubboxa" {pain, Drain rPois
                  | Str+2 Int+4}
  7677 | D:5      | Reached skill level 5 in Short Blades
  7853 | D:5      | Reached skill level 7 in Stealth
  7853 | D:5      | Reached skill level 1 in Necromancy
  8008 | D:5      | Found Cocric's Armour Shop.
  8034 | D:5      | Found a staircase to the Ecumenical Temple.
  8056 | Temple   | Entered the Ecumenical Temple
  8509 | Temple   | Became a worshipper of Dithmenos the Shadowed
  9179 | D:6      | Reached XP level 9. HP: 38/52 MP: 9/9
  9663 | D:6      | Reached skill level 8 in Stealth
 10034 | D:7      | Reached * piety under Dithmenos
 10649 | D:7      | Reached skill level 9 in Stealth
 10989 | D:7      | Reached skill level 5 in Fighting
 11285 | D:7      | Reached XP level 10. HP: 59/59 MP: 10/10
 11677 | D:8      | Noticed Maurice
 11842 | D:8      | Killed Maurice
 11992 | D:2      | Bought a runed helmet for 187 gold pieces
 12001 | D:2      | Bought a scorched chain mail for 237 gold pieces
 12001 | D:2      | Identified the +0 chain mail of Soriac {+Blink Will+ Str+3}
                  | (You bought it in a shop on level 2 of the Dungeon)
 12215 | D:8      | Reached skill level 10 in Stealth
 12215 | D:8      | Reached skill level 5 in Necromancy
 12442 | D:8      | Reached ** piety under Dithmenos
 12810 | D:8      | Learned a level 1 spell: Apportation
 13359 | D:9      | Found a staircase to the Lair.
 13480 | D:9      | Reached skill level 5 in Dodging
 13731 | D:9      | Reached skill level 11 in Stealth
 13766 | D:9      | Mangled by a large slime creature

Illustrated notes

Levels and vault maps discovered:
D:1:      saegor_arrival_under_anarchy, layout_loops_corners, serial_shops,
          shop, minmay_heptomino_d4
D:2:      layout_basic, serial_shops,
          nicolae_shop_temple_entry_statues_fountains,
          shapermc_ecumenical_altar_mp_ritualfount, kennysheep_nub,
          minivault_26, serial_bayou_pond_c, minmay_quadrilaterals
D:3:      layout_loops_cross, minmay_misc_feat_square, roderic_roman_lattice
D:4:      minmay_chambers_of_twos, layout_loops_ring, uniq_eustachio
D:5:      layout_basic, minmay_temple_entry_statues_fountains, serial_shops,
          shop_statue
D:6:      layout_basic, kennysheep_opposing_triangles
D:7:      layout_rooms
D:8:      layout_loops_corners, serial_park_tiny_2, wad_rectangle_vault,
          uniq_maurice
D:9:      minmay_polygon_palace, layout_loops_corners, dpeg_oklobed_lair,
          kennysheep_orc_monster_closet_entryway, serial_shops, shop
Temple:   nicolae_temple_the_god_donut

Skill      XL: |  1  2  3  4  5  6  7  8  9 10 |
---------------+-------------------------------+-----
Evocations     | 4 5 6 |  6.0
Stealth        | 2 3 4 5 6 7 9 11 | 11.0
Short Blades   | 1 2 3 4 5 7 9 |  9.5
Dodging        | 3 5 |  5.2
Fighting       | 2 3 4 5 |  5.9
Shields        | 1 2 3 4 |  4.0
Throwing       | 1 |  1.0
Necromancy     | 2 4 6 |  6.0
Armour         | |  0.7

Action                   |  1- 3 |  4- 6 |  7- 9 | 10-12 || total
-------------------------+-------+-------+-------+-------++-------
Melee: Club              |    24 |       |       |       ||    24
       Short sword       |    25 |       |       |       ||    25
       Dagger            |    41 |   217 |   343 |   199 ||   800
       Rapier            |       |    15 |   101 |       ||   116
Throw: Boomerang         |       |     8 |     5 |     3 ||    16
       Dart              |       |       |     2 |       ||     2
Evoke: Wand              |     7 |    13 |     9 |       ||    29
       Piece from Xom's  |     4 |    12 |    14 |     2 ||    32
  Use: Scroll            |       |    10 |     8 |       ||    18
       Potion            |       |       |     1 |       ||     1
 Stab: Sleeping          |    15 |     8 |    20 |    33 ||    76
       Paralysed         |     1 |       |     3 |       ||     4
       Petrified         |     1 |       |       |       ||     1
       Confused          |       |     5 |       |       ||     5
       Invisible         |       |       |     1 |       ||     1
       Distracted        |       |       |     2 |     1 ||     3
Armor: Leather armour    |    15 |    55 |    79 |    17 ||   166
       Skin              |       |       |       |     3 ||     3
Dodge: Dodged            |    69 |   190 |   243 |    79 ||   581
Block: Buckler           |       |       |    28 |    24 ||    52

Table legend: (Time is in decaauts)
 A = Elapsed time spent in this place.
 B = Non-inter-level travel time spent in this place.
 C = Inter-level travel time spent in this place.
 D = Time resting spent in this place.
 E = Time spent auto-exploring this place.
 F = Levels seen in this place.
 G = Mean time per level.
                   A        B        C        D        E       F      G
               +--------+--------+--------+--------+--------+-----+--------+
         Total |  13603 |  12576 |   1027 |   2724 |   7550 |  10 | 1360.3 |
       Dungeon |  13139 |  12137 |   1002 |   2724 |   7218 |   9 | 1459.9 |
        Temple |    464 |    439 |     25 |      0 |    332 |   1 |  464.0 |
               +--------+--------+--------+--------+--------+-----+--------+

Top non-repeatable levels by time:
     D:1: 1999 daAuts
     D:4: 1876 daAuts
     D:2: 1724 daAuts
     D:3: 1584 daAuts
     D:6: 1521 daAuts
     D:8: 1437 daAuts
     D:5: 1388 daAuts
     D:7: 1110 daAuts
     D:9: 496 daAuts
  Temple: 464 daAuts
